AoeStats
← angryknife3

Nomad

508023106Analyzed
4v4 RM · 12d ago on Sep 20, 2026· 30m 6s· 8 players
Game mode
Random Map
Map size
231×231
Population
200
Speed
Normal
Resources
Standard
Victory
Conquest
Starting age
Dark Age
Ending age
Imperial Age
RankedLock teamsTeams togetherTeam positionsShared explorationLock speedFull tech treeHidden civsTurbo modeCheats
Victory
Defeat
🇮🇹 Berbers · Italy
1277
+12
🇦🇺 Hindustanis · Australia
1239
+13
🇩🇪 Spanish · Germany
1225
+14
🇩🇪 Tatars · Germany
1151
+17
🇳🇴 Ethiopians · Norway
1186
-14
🇳🇱 Dravidians · Netherlands
1184
-14
🇮🇩 Gurjaras · Indonesia
1182
-14
🇳🇱 Maya · Netherlands
1171
-14
de
4:29 Loom
13:35 Feudal Age
15:26 Double-Bit Axe
20:53 Castle Age
19:42 Horse Collar
21:54 Bow Saw
24:02 Scale Barding Armor
24:07 Forging
25:03 Chain Barding Armor
28:32 Iron Casting
BoredFork6
9:45 Loom
11:59 Feudal Age
13:17 Double-Bit Axe
14:46 Wheelbarrow
19:33 Castle Age
18:07 Stone Mining
18:19 Horse Collar
21:18 Bow Saw
21:09 Heavy Plow
25:45 Town Watch
27:20 Hand Cart
27:32 Padded Archer Armor
33:02 Imperial Age
Shenk
5:07 Loom
12:47 Feudal Age
13:31 Double-Bit Axe
19:32 Castle Age
19:10 Horse Collar
19:24 Gold Mining
22:00 Medium Warships
22:07 Bow Saw
28:03 Wheelbarrow
28:15 Stone Mining
32:39 Imperial Age
30:37 Bloodlines
30:27 Husbandry
30:37 Husbandry
angryknife3
5:09 Loom
14:11 Feudal Age
14:42 Town Watch
18:42 Castle Age
16:30 Double-Bit Axe
18:10 Stone Mining
19:02 Fletching
19:53 Wheelbarrow
19:44 Bow Saw
21:06 Forging
21:03 Bodkin Arrow
21:12 Gold Mining
21:24 Fishing Lines
24:28 Horse Collar
25:17 Forging
25:54 Scale Barding Armor
26:31 Gillnets
Nutty
4:38 Loom
13:25 Feudal Age
18:21 Fletching
23:59 Castle Age
23:40 Forging
25:48 Double-Bit Axe
25:57 Gold Mining
Maudje10
4:01 Loom
15:03 Feudal Age
20:35 Fletching
21:09 Double-Bit Axe
21:45 Fishing Lines
RoboticPro
3:38 Loom
13:29 Feudal Age
15:16 Double-Bit Axe
18:40 Fletching
19:21 Gold Mining
21:48 Horse Collar
25:28 Wheelbarrow
26:51 Padded Archer Armor
29:27 Castle Age
Q_Djarot
4:27 Loom
15:01 Feudal Age
19:46 Castle Age
20:21 Double-Bit Axe
20:42 Horse Collar
24:32 Bow Saw
25:48 Heavy Plow
29:12 Wheelbarrow
Connection lost

Rejoining the realm…

Still unreachable

The connection could not be restored.

Session expired

The server has moved on; the page needs a fresh start.